 Dungeon Crawl Stone Soup version 0.29.1-13-g9f3cf754e1 (webtiles) character file.

Game seed: 9683391033798256247

2242 protoss039 the Digger (level 9, -1/68 HPs)
             Began as a Demonspawn Earth Elementalist on Feb 8, 2023.
             Killed from afar by Maggie (19 damage)
             ... with a bolt of fire
             ... on level 7 of the Dungeon.
             The game lasted 00:14:58 (9085 turns).

protoss039 the Digger (DsEE)                        Turns: 9085, Time: 00:14:59

Health: -1/68      AC:  7    Str:  9    XL:     9   Next: 14%
Magic:  0/17       EV: 12    Int: 20    God:
Gold:   328        SH:  0    Dex: 21    Spells: 13/19 levels left

rFire   x . .      SeeInvis .   f - +2 dagger (venom)
rCold   + . .      Faith    .   (no shield)
rNeg    . . .      Spirit   .   v - +1 leather armour {rC+}
rPois   +          Reflect  .   (no helmet)
rElec   .          Harm     .   (no cloak)
rCorr   +          Rampage  .   (no gloves)
Will    .....                   (no boots)
Stlth   ++........              (no amulet)
HPRegen 0.21/turn               l - ring of Dycem {+Blink rPois rF- rCorr Dex+7}
MPRegen 0.15/turn               (no ring)

@: mesmerised, invisible
A: icy blue scales 2, ignite blood 1, demonic magic 3
a: Evoke Blink


You were on level 7 of the Dungeon.
You visited 2 branches of the dungeon, and saw 8 of its levels.
You also visited: Sewer.

You collected 328 gold pieces.

Inventory:

Hand Weapons
 f - a +2 dagger of venom (weapon)
 o - a +0 rapier of draining
Missiles
 q - a throwing net
Armour
 v - a +1 leather armour of cold resistance (worn)
Jewellery
 l - the ring of Dycem (left hand) {+Blink rPois rF- rCorr Dex+7}
   (You found it on level 3 of the Dungeon)

   [ring of resist corrosion]

   Dex:       It affects your dexterity (+7).
   rF:        It makes you vulnerable to fire.
   rPois:     It protects you from poison.
   +Blink:    It lets you blink.
   rCorr:     It protects you from acid and corrosion.
 z - a ring of resist corrosion
Scrolls
 a - a scroll of torment {unknown}
 c - 2 scrolls of vulnerability {unknown}
 d - 7 scrolls of teleportation
 h - 4 scrolls of identify {unknown}
 i - a scroll of amnesia {unknown}
 j - a scroll of fog {unknown}
 p - a scroll of magic mapping {unknown}
 r - 2 scrolls of immolation {unknown}
 s - a scroll of poison {unknown}
 t - a scroll of brand weapon {unknown}
 y - a scroll of fear {unknown}
Potions
 b - 4 potions of magic
 e - 2 potions of curing {unknown}
 g - 3 potions of brilliance {unknown}
 k - 2 potions of degeneration {unknown}
 m - 4 potions of heal wounds {unknown}
 n - a potion of mutation {unknown}
 u - a potion of might {unknown}
 w - 2 potions of haste {unknown}
 x - 3 potions of invisibility


   Skills:
 + Level 5.5 Fighting
 * Level 3.2 Armour
 - Level 2.0 Dodging
 - Level 2.0 Stealth
 + Level 5.6 Spellcasting
 + Level 5.3 Conjurations
 - Level 1.0 Transmutations
 + Level 6.0 Earth Magic


You had 13 spell levels left.
You knew the following spells:

 Your Spells              Type           Power      Damage    Failure   Level
a - Sandblast             Erth           58%        2d13      1%          1
b - Passwall              Tmut/Erth      15%        N/A       5%          2
c - Stone Arrow           Conj/Erth      56%        3d10      4%          3

Your spell library contained the following spells:

 Spells                   Type           Power      Damage    Failure   Level
 Blink                    Tloc           10%        N/A       22%         2
 Petrify                  Tmut/Erth      19%        N/A       34%         4
 Lesser Beckoning         Tloc           5%         N/A       41%         3
 Manifold Assault         Tloc           5%         N/A       99%         5


Dungeon Overview and Level Annotations

Branches:
Dungeon (7/15) Zot: 26428  Temple (1/1) D:5 Zot: 5685   Sewer (visited)

Altars:
Ashenzari
Dithmenos
Fedhas
Hepliaklqana
Kikubaaqudgha
Okawaru
Qazlal
Trog
Uskayaw
Wu Jian
Xom
Yredelemnul

Annotations:
D:3 exclusion: centaur
D:7 Maggie


Innate Abilities, Weirdness & Mutations

You are mostly covered in icy blue scales. (AC +3)
Your demonic aura sometimes causes spilled blood to erupt in flames.
Spells you cast and wands you use may paralyse nearby enemies.


Message History

Maggie is lightly wounded.
Maggie hits you but does no damage.
You closely miss Maggie.
Maggie is lightly wounded.
Maggie hits you with a +1 war axe of flaming.
Maggie burns you.
You closely miss Maggie.
Maggie is lightly wounded.
Maggie hits you with a +1 war axe of flaming.
Maggie burns you.
Casting: Sandblast (safe; 1% risk of failure)
Confirm with . or Enter, or press ? or * to list all spells.
Aiming: Sandblast (safe; 1% risk of failure)
Press: ? - help, Shift-Dir - straight line, f/p - Maggie
Aim: Maggie, wielding a +1 war axe of flaming and wearing +0 steam dragon scales (moderately wounded, extremely poisoned, 83% to hit)
The blast of sand misses Maggie.
Malevolent energies surge around you.
Maggie hits you with a +1 war axe of flaming!
Maggie burns you.
Casting: Sandblast (safe; 1% risk of failure)
Confirm with . or Enter, or press ? or * to list all spells.
Aiming: Sandblast (safe; 1% risk of failure)
Press: ? - help, Shift-Dir - straight line, f/p - Maggie
Aim: Maggie, wielding a +1 war axe of flaming and wearing +0 steam dragon scales (moderately wounded, very poisoned, 83% to hit)
The blast of sand misses Maggie.
Malevolent energies surge around you. Maggie gestures at you while chanting.
The bolt of fire hits you!! The fire burns you terribly!
* * * LOW HITPOINT WARNING * * *
Maggie casts a spell.
Maggie attempts to bespell you!
You are mesmerised by Maggie!
Casting: Sandblast (safe; 1% risk of failure)
Confirm with . or Enter, or press ? or * to list all spells.
You don't have enough magic to cast this spell.
Unknown command.
It was a potion of invisibility.
You fade into invisibility!
Maggie says, "Fear not.
I will immortalize you in the tale of my first kill."
Maggie points at you and mumbles some strange words.
The bolt of fire hits you!! The fire burns you terribly!
You die...

#. #. ##.####
##.....
##.....##
##.......##
###.....@...#
..'.....@...+
##.........#
##..))...##
##..†..##
##...## ##'##
#.# #.# ##.##


You could see Maggie (mesmerising, unable to see you, very poisoned).

Vanquished Creatures
  Sigmund (D:5)
  2 ice beasts
  An orc warrior (D:7)
  2 black bears
  2 ogres
  2 phantoms
  A bullfrog (D:5)
  2 necrophages (D:6)
  6 scorpions
  A howler monkey (D:6)
  4 jellies
  A gnoll bouda (D:5)
  An orc priest (D:5)
  5 orc wizards
  11 gnolls
  12 adders
  A river rat (Sewer)
  2 shadow imps (D:5)
  4 ufetubi
  4 worms
  5 dart slugs
  21 orcs
  7 bats
  14 endoplasms
  2 giant cockroaches (D:3)
  9 hobgoblins
  3 jackals (D:2)
  6 quokkas
  13 ball pythons
  5 frilled lizards
  8 goblins
  9 kobolds
  8 rats
175 creatures vanquished.

Notes
Turn   | Place    | Note
-------+----------+-------------------------------------------
     0 | D:1      | protoss039 the Demonspawn Earth Elementalist began the
                  | quest for the Orb.
     0 | D:1      | Reached XP level 1. HP: 13/13 MP: 3/3
   238 | D:1      | Gained mutation: You are partially covered in icy blue
                  | scales. (AC +2) [demonic ancestry]
   238 | D:1      | Reached XP level 2. HP: 6/20 MP: 1/5
   510 | D:1      | Reached skill level 1 in Fighting
   518 | D:1      | Reached skill level 3 in Earth Magic
  1200 | D:1      | Gained mutation: Your demonic aura sometimes causes spilled
                  | blood to erupt in flames. [demonic ancestry]
  1200 | D:1      | Reached XP level 3. HP: 26/26 MP: 6/6
  1723 | D:2      | Found a faded altar of an unknown god.
  2261 | D:2      | Learned a level 2 spell: Passwall
  2265 | D:2      | Learned a level 3 spell: Stone Arrow
  2538 | D:3      | Gained mutation: You are mostly covered in icy blue scales.
                  | (AC +3) [demonic ancestry]
  2538 | D:3      | Reached XP level 4. HP: 32/33 MP: 8/8
  2594 | D:3      | Identified the ring of Dycem {+Blink rPois rF- rCorr Dex+7}
  2681 | D:3      | Reached skill level 1 in Conjurations
  2958 | D:3      | Noticed a centaur
  3524 | D:3      | Reached XP level 5. HP: 29/38 MP: 9/9
  4552 | D:4      | Reached skill level 4 in Earth Magic
  4552 | D:4      | Gained mutation: Spells you cast may paralyse adjacent
                  | enemies. [demonic ancestry]
  4552 | D:4      | Reached XP level 6. HP: 42/46 MP: 11/11
  5154 | D:4      | Found a shimmering altar of Xom.
  5221 | D:5      | Entered Level 5 of the Dungeon
  5344 | D:5      | Found a staircase to the Ecumenical Temple.
  5362 | Temple   | Entered the Ecumenical Temple
  5707 | D:5      | Noticed an ice beast
  5717 | D:5      | Killed an ice beast
  5718 | D:5      | Gained mutation: Spells you cast may paralyse nearby
                  | enemies. [demonic ancestry]
  5718 | D:5      | Reached XP level 7. HP: 53/53 MP: 1/13
  6107 | D:5      | Reached skill level 5 in Earth Magic
  6446 | D:5      | Reached XP level 8. HP: 61/61 MP: 5/15
  6545 | D:5      | Noticed Sigmund
  6552 | D:5      | Killed Sigmund
  6553 | D:5      | Reached skill level 5 in Spellcasting
  7070 | D:6      | Reached skill level 1 in Transmutations
  7112 | D:6      | Reached skill level 5 in Fighting
  7121 | D:6      | Reached skill level 1 in Armour
  7140 | D:6      | Found a glowing drain.
  7156 | Sewer    | Entered a sewer
  7581 | Sewer    | Found a viscous altar of Jiyva.
  8022 | D:6      | Reached skill level 5 in Conjurations
  8710 | D:7      | Gained mutation: Spells you cast and wands you use may
                  | paralyse nearby enemies. [demonic ancestry]
  8710 | D:7      | Reached XP level 9. HP: 68/68 MP: 7/17
  9015 | D:7      | Reached skill level 6 in Earth Magic
  9071 | D:7      | Noticed Maggie
  9085 | D:7      | Killed from afar by Maggie

Illustrated notes

Levels and vault maps discovered:
D:1:      lordsloth_arrival_two_stooges, layout_basic
D:2:      layout_loops_ring, ebering_ecumenical_altar_rust,
          wander_ebering_terrifying_dragon_lair
D:3:      layout_loops_corners, minmay_crystal_room, minmay_joined_circles
D:4:      layout_loops_corners, marbit_many_paths, mainiacjoe_overflow_alcove_4
D:5:      layout_cave_pools, minmay_temple_entry_mini_moons,
          chequers_serial_rivers_marsh, uniq_sigmund
D:6:      layout_loops_ring, cheibrodos_sewer_entry_bend,
          minmay_misc_feat_square
D:7:      layout_loops_corners, mainiacjoe_overflow_alcove_2,
          grunt_temple_overflow_open, uniq_maggie
Temple:   nicolae_temple_bog_church

Skill      XL: |  1  2  3  4  5  6  7  8  9 |
---------------+----------------------------+-----
Fighting       | 1 2 3 4 5 |  5.5
Earth Magic    | 3 4 5 6 |  6.0
Conjurations   | 1 2 3 4 5 |  5.3
Spellcasting   | 3 4 5 |  5.6
Transmutations | 1 |  1.0
Dodging        | 2 |  2.0
Stealth        | 2 |  2.0
Armour         | 2 3 |  3.2

Action                   |  1- 3 |  4- 6 |  7- 9 || total
-------------------------+-------+-------+-------++-------
Melee: Club              |    33 |       |       ||    33
       Dagger            |    81 |   112 |    49 ||   242
       Punch             |     1 |     1 |       ||     2
 Cast: Sandblast         |    19 |    21 |    36 ||    76
       Stone Arrow       |       |    11 |    73 ||    84
  Use: Scroll            |       |       |     1 ||     1
       Potion            |       |       |     1 ||     1
 Stab: Sleeping          |     4 |     5 |       ||     9
       Distracted        |       |     1 |       ||     1
       Paralysed         |       |     2 |     3 ||     5
Armor: Robe              |    43 |    32 |     9 ||    84
       Leather armour    |       |       |    14 ||    14
Dodge: Dodged            |    82 |    86 |    33 ||   201
